 Dungeon Crawl Stone Soup version 0.22-a0-348-gd16d1391c7 (webtiles) character file.

815 Minion the Thaumaturge (level 7, -8/36 HPs)
             Began as a Deep Elf Wizard on Apr 10, 2018.
             Was an Initiate of Vehumet.
             Mangled by a wyvern zombie (12 damage)
             ... on level 5 of the Dungeon.
             The game lasted 00:17:48 (5665 turns).

Minion the Thaumaturge (Deep Elf Wizard)            Turns: 5665, Time: 00:17:49

Health: -8/36      AC:  4    Str:  7    XL:     7   Next: 62%
Magic:  4/21       EV: 28    Int: 30    God:    Vehumet [......]
Gold:   431        SH:  0    Dex: 13    Spells: 17/23 levels left

rFire    . . .     SeeInvis .   p - staff of summoning
rCold    . . .     Gourm    .   (no shield)
rNeg     . . .     Faith    .   s - +1 robe "Utublohau" {-Tele +Fly Str+3 Int+5}
rPois    .         Spirit   .   b - +1 hat
rElec    .         Reflect  .   (no cloak)
rCorr    .         Harm     .   (no gloves)
MR       .....     NoTele   +   (no boots)
Stlth    ++........             c - amulet of the acrobat
HPRegen  0.12/turn              (no ring)
MPRegen  0.17/turn              (no ring)

@: no status effects
A: no striking features
a: Renounce Religion, Evoke Flight


You were on level 5 of the Dungeon.
You worshipped Vehumet.
Vehumet was noncommittal.
You were not hungry.

You visited 2 branches of the dungeon, and saw 6 of its levels.
You also visited: Ossuary.

You collected 431 gold pieces.

Inventory:

Armour
 b - a +1 hat (worn)
 s - the +1 robe "Utublohau" (worn) {-Tele +Fly Str+3 Int+5}
   (You found it on level 5 of the Dungeon)

   It affects your strength (+3).
   It affects your intelligence (+5).
   It lets you fly.
   It prevents most forms of teleportation.
Magical Staves
 p - an uncursed staff of summoning (weapon)
Jewellery
 c - an amulet of the acrobat (around neck)
Scrolls
 e - 4 scrolls of remove curse
 g - a scroll of fear
 j - a scroll of enchant armour
 o - a scroll of identify
Potions
 a - 2 potions of brilliance {unknown}
 f - a potion of flight
 i - 5 potions of curing
 m - a potion of cancellation {unknown}
 n - a potion of berserk rage {unknown}
 q - 4 potions of lignification {unknown}
 r - a potion of heal wounds {unknown}
 t - 2 potions of agility {unknown}
 u - 2 potions of magic {unknown}
 v - 2 potions of resistance {unknown}
 w - a potion of degeneration {unknown}
 x - a potion of ambrosia {unknown}
Comestibles
 d - 5 rations


   Skills:
 - Level 2.4 Dodging
 - Level 2.4 Stealth
 + Level 8.6 Spellcasting
 + Level 6.1 Conjurations
   Level 1.1 Summonings
 + Level 3.5 Translocations


You had 17 spell levels left.
You knew the following spells:

 Your Spells              Type           Power        Failure   Level  Hunger
a - Magic Dart            Conj           ####         1%          1    None
b - Blink                 Tloc           N/A          1%          2    None
c - Mephitic Cloud        Conj/Pois/Air  ####....     5%          3    None


Dungeon Overview and Level Annotations

Branches:
Dungeon (5/15)             Temple (1/1) D:5

Altars:
Cheibriados
Dithmenos
Hepliaklqana
Kikubaaqudgha
Makhleb
Qazlal
Ru
Trog
Vehumet
Wu Jian
Xom
The Shining One

Annotations:
D:5 1 runed door


Message History

Confirm with . or Enter, or press ? or * to list all spells.
Aiming: Magic Dart (safe; 1% risk of failure)
Press: ? - help, Shift-Dir - straight line, f/p - wyvern zombie
Aim: a wyvern zombie (heavily damaged)
The magic dart hits the wyvern zombie.
The wyvern zombie is heavily damaged.
The wyvern zombie bites you.
Casting: Magic Dart (safe; 1% risk of failure)
Confirm with . or Enter, or press ? or * to list all spells.
Aiming: Magic Dart (safe; 1% risk of failure)
Press: ? - help, Shift-Dir - straight line, f/p - wyvern zombie
Aim: a wyvern zombie (heavily damaged)
The magic dart hits the wyvern zombie.
The wyvern zombie is heavily damaged.
The wyvern zombie bites you!
* * * LOW HITPOINT WARNING * * *
The wyvern zombie bites you!
* * * LOW HITPOINT WARNING * * *
The wyvern zombie bites you!
You die...

..####.#### #..............
#.........#................
#.........#.##########÷....
#........... #.....
###........# #.....
.........<.# #####.....
#........# #.........
#....!...#### #.########
#.......Z@..# #.#
....#.#######.#####.# #.#
#. #.......# # . #...⌠...#
#. ##......# # #⌠.>.⌠.#
#......# #..⌠...# #....(.#


You could see a wyvern zombie.

Vanquished Creatures
  Edmund (D:5)
  An ogre (D:3)
  2 scorpions
  A howler monkey (D:5)
  3 orc wizards
  2 hounds (D:4)
  An iguana (D:4)
  Natasha (twice) (D:3)
  A hound skeleton (D:5)
  8 mummies (Ossuary)
  A worker ant zombie (D:5)
  5 adders
  An ooze (D:3)
  2 adder zombies (D:5)
  An adder skeleton (D:4)
  2 worms
  3 dart slugs
  4 leopard geckos
  6 orcs
  2 giant cockroaches
  A gnoll zombie (Ossuary)
  5 goblins
  7 hobgoblins
  14 kobolds
  4 quokkas
  A ball python (D:3)
  10 bats
  3 frilled lizards
  A hobgoblin zombie (Ossuary)
  2 kobold zombies (Ossuary)
  4 orc zombies (Ossuary)
  A quokka zombie (D:5)
  8 rats
110 creatures vanquished.

Notes
Turn   | Place    | Note
-------+----------+-------------------------------------------
     0 | D:1      | Minion the Deep Elf Wizard began the quest for the Orb.
     0 | D:1      | Reached XP level 1. HP: 10/10 MP: 7/7
   426 | D:1      | Reached XP level 2. HP: 15/15 MP: 3/9
   601 | D:1      | Reached skill level 5 in Spellcasting
   698 | D:1      | Learned a level 2 spell: Blink
  1225 | D:2      | Found a sacrificial altar of Ru.
  1228 | D:2      | Reached XP level 3. HP: 19/19 MP: 6/11
  1400 | D:2      | Learned a level 3 spell: Mephitic Cloud
  1583 | D:2      | Reached XP level 4. HP: 24/24 MP: 8/13
  1875 | D:3      | Noticed an ogre
  2122 | D:3      | Reached skill level 6 in Spellcasting
  2495 | D:3      | Reached XP level 5. HP: 28/28 MP: 5/15
  2658 | D:3      | Found a bloodstained altar of Trog.
  2719 | D:3      | Killed an ogre
  2853 | D:3      | Noticed Natasha
  2860 | D:3      | Killed Natasha
  2860 | D:3      | Reached skill level 7 in Spellcasting
  2977 | D:3      | Noticed Natasha
  2990 | D:3      | Killed Natasha
  2990 | D:3      | Reached XP level 6. HP: 32/32 MP: 7/18
  3140 | D:4      | Reached skill level 5 in Conjurations
  4545 | D:5      | Entered Level 5 of the Dungeon
  4552 | D:5      | Reached skill level 8 in Spellcasting
  4552 | D:5      | Reached XP level 7. HP: 36/36 MP: 9/20
  4604 | D:5      | Noticed Edmund
  4621 | D:5      | Killed Edmund
  4725 | D:5      | Got a ripped robe
  4736 | D:5      | Identified the +1 robe "Utublohau" {-Tele +Fly Str+3 Int+5} (You found it on level 5 of the Dungeon)
  4803 | D:5      | Found a runed door.
  4857 | D:5      | Found a sand-covered staircase.
  4866 | Ossuary  | Entered an ossuary
  5549 | D:5      | Found a staircase to the Ecumenical Temple.
  5562 | Temple   | Entered the Ecumenical Temple
  5618 | Temple   | Became a worshipper of Vehumet
  5665 | D:5      | Mangled by a wyvern zombie

Vault maps used:
D:1:      co_arrival_square_in_a_square_in_a_square, minivault_27
D:2:      nicolae_ru_great_annihilating_truth
D:3:      lightli_temple_of_fire, first_ration, uniq_natasha
D:5:      nemelex_xobeh_ov_fountains_minmay, temple_fountains,
          nicolae_ossuary_entry_ruins, nicolae_tso_besieged_by_evil,
          uniq_crazy_yiuf_cottage, uniq_edmund
Temple:   dshaligram_water_room_temple
Ossuary:  ossuary_tomb_3

Skill      XL: |  1  2  3  4  5  6  7 |
---------------+----------------------+-----
Conjurations   | 2 3 4 5 6 |  6.1
Spellcasting   | 5 6 7 8 |  8.6
Translocations | 2 3 |  3.5
Dodging        | |  2.4
Stealth        | |  2.4
Summonings     | |  1.1

Action                   |  1- 3 |  4- 6 |  7- 9 || total
-------------------------+-------+-------+-------++-------
Melee: Staff             |       |     8 |       ||     8
 Cast: Magic Dart        |    78 |   153 |   128 ||   359
       Mephitic Cloud    |       |    15 |     2 ||    17
  Use: Scroll            |       |       |     8 ||     8
  Eat: Chunk             |     2 |     1 |       ||     3
       Ration            |       |     2 |     2 ||     4
Armor: Robe              |     2 |     9 |     4 ||    15
Dodge: Dodged            |     7 |    51 |    15 ||    73

Table legend:
 A = Spawn XP
 B = Non-spawn XP
 C = Spawn XP percentage of total XP
 D = Spawn monster count
 E = Non-spawn monster count
 F = Spawn count percentage of total count
 G = Total turns spent on level
                    A         B        C        D         E        F      G
               +---------+---------+-------+---------+---------+-------+---------
         Total |       0 |    1165 |   0.0 |       0 |     110 |   0.0 |  5665
               +---------+---------+-------+---------+---------+-------+---------
           D:1 |       0 |      34 |   0.0 |       0 |      19 |   0.0 |  1124
           D:2 |       0 |      86 |   0.0 |       0 |      20 |   0.0 |   866
           D:3 |       0 |     278 |   0.0 |       0 |      31 |   0.0 |  1054
           D:4 |       0 |     282 |   0.0 |       0 |      15 |   0.0 |  1501
           D:5 |       0 |     332 |   0.0 |       0 |       9 |   0.0 |   396
       Ossuary |       0 |     153 |   0.0 |       0 |      16 |   0.0 |   654
               +---------+---------+-------+---------+---------+-------+---------
